 Dungeon Crawl Stone Soup version 0.21.1-1-g345015f (webtiles) character file.

729 ninurtach the Magician (level 7, 0/51 HPs)
             Began as a Gnoll Wizard on May 15, 2018.
             Slain by Crazy Yiuf
             ... wielding a +4 quarterstaff of chaos
              (5 damage)
             ... on level 5 of the Dungeon.
             The game lasted 00:16:44 (7519 turns).

ninurtach the Magician (Gnoll Wizard)               Turns: 7519, Time: 00:16:44

Health: 0/51       AC:  6    Str: 10    XL:     7   Next: 73%
Magic:  5/18       EV:  2    Int: 22    God:
Gold:   194        SH:  0    Dex: 13    Spells: 10/21 levels left

rFire    . . .     SeeInvis .   r - +0 hand axe (venom)
rCold    . . .     Gourm    .   (no shield)
rNeg     + + +     Faith    .   a - +0 robe
rPois    ∞         Spirit   .   b - +0 hat
rElec    .         Reflect  .   (no cloak)
rCorr    .         Harm     .   n - +2 pair of gloves
MR       .....                  i - +0 pair of boots
Stlth    +++.......             (no amulet)
HPRegen  0.17/turn              (no ring)
MPRegen  0.16/turn              (no ring)

@: about to teleport, petrified
A: distributed training, fangs 1, strong nose
a: no special abilities


You were on level 5 of the Dungeon.
You were not hungry.

You visited 1 branch of the dungeon, and saw 5 of its levels.

You collected 194 gold pieces.

Inventory:

Hand Weapons
 l - a +0 hunting sling
 o - a +0 dagger of venom
 r - a +0 hand axe of venom (weapon)
Missiles
 m - 100 stones (quivered)
 x - 12 poisoned needles
Armour
 a - a +0 robe (worn)
 b - a +0 hat (worn)
 i - a +0 pair of boots (worn)
 n - a +2 pair of gloves (worn)
Scrolls
 e - 3 scrolls of remove curse
 g - 2 scrolls of teleportation {unknown}
 h - 4 scrolls of magic mapping {unknown}
 j - a scroll of identify
 k - 2 scrolls of random uselessness {unknown}
 u - a scroll of blinking {unknown}
 v - a scroll of noise {unknown}
 y - a scroll of amnesia {unknown}
Potions
 f - a potion of degeneration
 p - a potion of curing
 q - 2 potions of heal wounds
 s - a potion of magic
 t - a potion of might {unknown}
 w - 2 potions of mutation
 z - a potion of ambrosia {unknown}
 B - a potion of lignification {unknown}
Books
 c - a book of Minor Magic

   Spells                             Type                      Level
   a - Magic Dart                     Conjuration                  1
   b - Blink                          Translocation                2
   c - Call Imp                       Summoning                    2
   d - Slow                           Hexes                        2
   e - Conjure Flame                  Conjuration/Fire             3
   f - Mephitic Cloud                 Conjuration/Poison/Air       3
Comestibles
 d - 6 rations


   Skills:
 + Level 2.6 Fighting
 + Level 2.6 Short Blades
 + Level 2.6 Long Blades
 + Level 2.6 Axes
 + Level 2.6 Maces & Flails
 + Level 2.6 Polearms
 + Level 2.6 Staves
 + Level 2.6 Slings
 + Level 2.6 Bows
 + Level 2.6 Crossbows
 + Level 2.6 Throwing
 + Level 2.6 Armour
 + Level 5.3 Dodging
 + Level 5.0 Stealth
 + Level 2.6 Shields
 + Level 2.6 Unarmed Combat
 + Level 7.6 Spellcasting
 + Level 3.0 Conjurations
 + Level 2.1 Hexes
 + Level 2.1 Charms
 + Level 3.0 Summonings
 + Level 2.1 Necromancy
 + Level 3.0 Translocations
 + Level 2.1 Transmutations
 + Level 2.1 Fire Magic
 + Level 2.1 Ice Magic
 + Level 2.1 Air Magic
 + Level 2.1 Earth Magic
 + Level 2.1 Poison Magic
 + Level 2.9 Invocations
 + Level 2.6 Evocations


You had 10 spell levels left.
You knew the following spells:

 Your Spells              Type           Power        Failure   Level  Hunger
a - Magic Dart            Conj           ###.         2%          1    None
b - Blink                 Tloc           N/A          3%          2    None
c - Call Imp              Summ           ###.....     3%          2    None
d - Conjure Flame         Conj/Fire      ###.....     8%          3    None
e - Mephitic Cloud        Conj/Pois/Air  ###.....     9%          3    None


Dungeon Overview and Level Annotations

Branches:
Dungeon (5/15)
 Temple: D:4-7

Altars:
Hepliaklqana
Qazlal
Uskayaw
Wu Jian

Shops:
D:4 *

Annotations:
D:5 Crazy Yiuf


Innate Abilities, Weirdness & Mutations

Your experience applies equally to all skills.
You have very sharp teeth.
Your uncanny sense of smell can sniff out nearby items.


Message History

* * * LOW HITPOINT WARNING * * *
You are slowing down.
You take 6 damage, and have 8/51 hp.
Spoiler Alert: Crazy Yiuf can hit for high damage in melee!
Unknown command.
Your shadow imp hits Crazy Yiuf.
Crazy Yiuf hits your shadow imp with a quarterstaff of chaos.
Crazy Yiuf burns your shadow imp.
Your limbs are stiffening.
You blink.
Your shadow imp barely misses Crazy Yiuf.
Crazy Yiuf hits your shadow imp with a quarterstaff of chaos!
Your shadow imp dies!
Crazy Yiuf shouts!
You have turned to stone.
Crazy Yiuf hits you but does no damage.
Crazy Yiuf hits you with a quarterstaff of chaos!
* * * LOW HITPOINT WARNING * * *
You feel strangely unstable.
Crazy Yiuf hits you with a quarterstaff of chaos!
You die...

###.# ###
#####
#.............
#.# #.# #)..#
#.........)...
###.####.#
#...#
#...........##
#........# ...
#...........#
#.....[..# #'#
#...........#
#........#
#.##
#..........##
#........#
##.#
#.........##
#........#
#.##
###########
#.>......#
##@#
#........#
##g##
#........#
##)..#
#........#
#....#
########.#
#....#
#.#####..##
#........#
#####...##
#####


You could see Crazy Yiuf.

Vanquished Creatures
  An ogre (D:4)
  A crimson imp (D:5)
  2 bullfrog skeletons (D:5)
  A hound (D:5)
  An orc priest (D:3)
  An orc wizard (D:5)
  3 worker ants
  A killer bee zombie (D:3)
  2 hound skeletons (D:3)
  4 adders
  A shadow imp (D:5)
  An ooze (D:1)
  An adder zombie (D:5)
  2 worms
  3 dart slugs
  16 orcs
  5 goblins
  5 hobgoblins
  3 quokkas
  2 ball pythons
  7 bats
  4 frilled lizards
  10 kobolds
  7 rats
84 creatures vanquished.

Vanquished Creatures (collateral kills)
  Grinder (D:5)
  Edmund (D:5)
  A bullfrog skeleton (D:5)
  9 orcs
12 creatures vanquished.

Grand Total: 96 creatures vanquished

Notes
Turn   | Place    | Note
-------+----------+-------------------------------------------
     0 | D:1      | ninurtach the Gnoll Wizard began the quest for the Orb.
     0 | D:1      | Reached XP level 1. HP: 13/13 MP: 8/8
   646 | D:1      | Reached XP level 2. HP: 19/19 MP: 6/10
  1108 | D:1      | Learned a level 2 spell: Blink
  1111 | D:1      | Learned a level 2 spell: Call Imp
  1256 | D:2      | Reached XP level 3. HP: 25/25 MP: 4/11
  1827 | D:2      | Reached skill level 1 in Invocations
  2247 | D:2      | Reached skill level 1 in Fighting
  2247 | D:2      | Reached skill level 1 in Short Blades
  2247 | D:2      | Reached skill level 1 in Long Blades
  2247 | D:2      | Reached skill level 1 in Axes
  2247 | D:2      | Reached skill level 1 in Maces & Flails
  2247 | D:2      | Reached skill level 1 in Polearms
  2247 | D:2      | Reached skill level 1 in Staves
  2247 | D:2      | Reached skill level 1 in Slings
  2247 | D:2      | Reached skill level 1 in Bows
  2247 | D:2      | Reached skill level 1 in Crossbows
  2247 | D:2      | Reached skill level 1 in Throwing
  2247 | D:2      | Reached skill level 1 in Armour
  2247 | D:2      | Reached skill level 1 in Shields
  2247 | D:2      | Reached skill level 1 in Unarmed Combat
  2247 | D:2      | Reached skill level 1 in Evocations
  2498 | D:2      | Reached XP level 4. HP: 32/32 MP: 10/13
  3032 | D:3      | Found an ornate altar of the Wu Jian Council.
  3055 | D:3      | Found a stormy altar of Qazlal.
  3057 | D:3      | Noticed an earth elemental
  3058 | D:3      | Noticed a water elemental
  3058 | D:3      | Noticed a fire elemental
  3058 | D:3      | Noticed an air elemental
  3253 | D:3      | Found a hide-covered altar of Uskayaw.
  3273 | D:3      | Reached skill level 1 in Hexes
  3273 | D:3      | Reached skill level 1 in Charms
  3273 | D:3      | Reached skill level 1 in Necromancy
  3273 | D:3      | Reached skill level 1 in Transmutations
  3273 | D:3      | Reached skill level 1 in Fire Magic
  3273 | D:3      | Reached skill level 1 in Ice Magic
  3273 | D:3      | Reached skill level 1 in Air Magic
  3273 | D:3      | Reached skill level 1 in Earth Magic
  3273 | D:3      | Reached skill level 1 in Poison Magic
  3273 | D:3      | Reached XP level 5. HP: 30/37 MP: 5/14
  3437 | D:3      | Noticed a hand axe
  3438 | D:3      | Noticed a hand axe
  3517 | D:3      | Learned a level 3 spell: Conjure Flame
  3521 | D:3      | Learned a level 3 spell: Mephitic Cloud
  5245 | D:4      | Found a hazy altar of Hepliaklqana.
  5306 | D:4      | Found Zesahung's Assorted Antiques.
  5374 | D:4      | Noticed an ogre
  5386 | D:4      | Killed an ogre
  5386 | D:4      | Reached XP level 6. HP: 44/44 MP: 1/16
  5880 | D:5      | Entered Level 5 of the Dungeon
  5897 | D:4      | Reached skill level 5 in Dodging
  6715 | D:5      | Reached XP level 7. HP: 50/50 MP: 15/18
  6772 | D:5      | Noticed Grinder
  6790 | D:5      | Killed Grinder
  7413 | D:5      | Found a runed door.
  7481 | D:5      | Noticed Crazy Yiuf
  7481 | D:5      | Noticed Edmund
  7502 | D:5      | Killed Edmund
  7502 | D:5      | Reached skill level 5 in Stealth
  7519 | D:5      | Slain by Crazy Yiuf

Skill      XL: |  1  2  3  4  5  6  7 |
---------------+----------------------+-----
Conjurations   | 2 3 |  3.0
Summonings     | 2 3 |  3.0
Translocations | 2 3 |  3.0
Invocations    | 1 2 |  2.9
Fighting       | 1 2 |  2.6
Short Blades   | 1 2 |  2.6
Long Blades    | 1 2 |  2.6
Axes           | 1 2 |  2.6
Maces & Flails | 1 2 |  2.6
Polearms       | 1 2 |  2.6
Staves         | 1 2 |  2.6
Slings         | 1 2 |  2.6
Bows           | 1 2 |  2.6
Crossbows      | 1 2 |  2.6
Throwing       | 1 2 |  2.6
Armour         | 1 2 |  2.6
Shields        | 1 2 |  2.6
Unarmed Combat | 1 2 |  2.6
Evocations     | 1 2 |  2.6
Hexes          | 1 2 |  2.1
Charms         | 1 2 |  2.1
Necromancy     | 1 2 |  2.1
Transmutations | 1 2 |  2.1
Fire Magic     | 1 2 |  2.1
Ice Magic      | 1 2 |  2.1
Air Magic      | 1 2 |  2.1
Earth Magic    | 1 2 |  2.1
Poison Magic   | 1 2 |  2.1
Dodging        | 5 |  5.3
Stealth        | 5 |  5.0
Spellcasting   | |  7.6

Action                   |  1- 3 |  4- 6 |  7- 9 || total
-------------------------+-------+-------+-------++-------
Melee: Unarmed           |     1 |       |       ||     1
       Hand axe          |       |    62 |    35 ||    97
       Bite              |       |     2 |     2 ||     4
 Fire: Hunting sling     |     3 |       |       ||     3
 Cast: Magic Dart        |    79 |   133 |    26 ||   238
       Call Imp          |       |     8 |     9 ||    17
       Mephitic Cloud    |       |     3 |     2 ||     5
       Blink             |       |     2 |     1 ||     3
  Use: Scroll            |       |     4 |       ||     4
       Potion            |       |     2 |       ||     2
 Stab: Sleeping          |       |     1 |       ||     1
  Eat: Chunk             |     3 |     9 |     1 ||    13
       Ration            |     1 |     1 |       ||     2
Armor: Robe              |     4 |    36 |     5 ||    45
Dodge: Dodged            |    13 |    78 |    23 ||   114
